 Dungeon Crawl Stone Soup version 0.19.5 (webtiles) character file.

218 volk64 the Covert (level 5, 0/38 HPs)
             Began as a Vampire Assassin on Mar 4, 2017.
             Slain by a centaur skeleton (1 damage)
             ... on level 4 of the Dungeon.
             The game lasted 00:09:09 (2497 turns).

volk64 the Covert (Vampire Assassin)                Turns: 2497, Time: 00:09:09

Health: 0/38       AC:  4    Str: 10    XL:     5   Next: 63%
Magic:  5/5        EV: 12    Int: 13    God:
Gold:   168        SH:  0    Dex: 17    Spells: 0 memorised, 4 levels left

rFire  x . .     SeeInvis +     r - +3 dagger (flame)
rCold  + . .     Gourm    .     m - +0 leather armour
rNeg   + + .     Faith    .     (no shield)
rPois  .         Spirit   .     (no helmet)
rElec  .         Reflect  .     d - +0 cloak
rCorr  .         Harm     .     (no gloves)
MR     .....                    (no boots)
Stlth  ++++......               (no amulet)
                                h - ring of ice
                                p - ring of positive energy

@: no status effects
A: fangs 3, see invisible, unbreathing
a: Bat Form


You were on level 4 of the Dungeon.
You were not thirsty.

You visited 1 branch of the dungeon, and saw 4 of its levels.

You collected 168 gold pieces.

Inventory:

Hand Weapons
 a - a +2 dagger
 b - a +0 blowgun
 r - a +3 dagger of flaming (weapon)
Missiles
 e - 26 poisoned needles
 f - 2 curare-tipped needles
Armour
 c - a +0 robe
 d - a +0 cloak (worn)
 m - a +0 leather armour (worn)
 x - a +0 pair of boots
Jewellery
 h - a ring of ice (right hand)
 p - a ring of positive energy (left hand)
Scrolls
 l - 2 scrolls of remove curse
 n - a scroll of teleportation
 s - a scroll of amnesia {unknown}
 t - a scroll of fog
 u - a scroll of enchant armour {unknown}
 w - a scroll of enchant weapon {unknown}
Potions
 g - 19 potions of blood
 i - a potion of cancellation {unknown}
 j - a potion of brilliance {unknown}
 k - a potion of lignification {unknown}
 o - 3 potions of curing {unknown}
 q - a potion of flight {unknown}
 v - a potion of agility {unknown}


   Skills:
 + Level 2.1 Fighting
 + Level 3.4 Short Blades
 + Level 1.9 Throwing
 + Level 1.3 Armour
 + Level 1.8 Dodging
 + Level 8.4 Stealth


You had 4 spell levels left.
You didn't know any spells.

Dungeon Overview and Level Annotations

Branches:
Dungeon (4/15)             Temple (0/1) D:4

Altars:
Ashenzari
Cheibriados
Fedhas
Hepliaklqana


Innate Abilities, Weirdness & Mutations

You have razor-sharp teeth.
You have supernaturally acute eyesight. (SInv)
You can survive without breathing.


Message History

The gnoll hits you with a spear of flaming.
* * * LOW HITPOINT WARNING * * *
The gnoll burns you.
* * * LOW HITPOINT WARNING * * *
You closely miss the gnoll. You bite the gnoll.
The gnoll is almost dead.
The gnoll hits you but does no damage. The gnoll completely misses you.
You hit the gnoll. You burn the gnoll.
You kill the gnoll!
The gnoll barely misses you.
You hit the gnoll but do no damage.
The centaur skeleton hits you but does no damage.
You hit the gnoll. You burn the gnoll.
The gnoll is severely wounded.
The centaur skeleton barely misses you. The gnoll hits you with a halberd.
* * * LOW HITPOINT WARNING * * *
You hit the gnoll but do no damage. Your bite misses the gnoll.
The gnoll is heavily wounded.
The centaur skeleton hits you.
You die...

#...# #...# .. #. #...# ....
#.# #...# #.##..#.##.# #...#
#..........# #...#
#..#..#..#.####(..########
#..#.......)..........?..##.#
..#..#....Z@...........$...g
#.#.......g..)..........#..g
#.#.#.#.#.##.#....####### #
#.†.......##.#..†)# ...
#......###.######.#....#
>.#.> #.####. #.# #.#....# ..
.. #. #.# #.#....# ### # .g
#.# ####....<.# #. #.#
#........####


You could see a gnoll and a centaur skeleton.

Vanquished Creatures
  A gnoll shaman (D:4)
  An iguana (D:4)
  4 gnolls (D:4)
  6 adders
  An ooze (D:4)
  3 dart slugs (D:2)
  A leopard gecko (D:2)
  7 bats
  3 giant cockroaches
  7 goblins
  7 hobgoblins
  5 kobolds
  3 quokkas
  A ball python (D:2)
  3 frilled lizards
  8 rats
61 creatures vanquished.

Notes
Turn   | Place    | Note
-------+----------+-------------------------------------------
     0 | D:1      | volk64 the Vampire Assassin began the quest for the Orb.
     0 | D:1      | Reached XP level 1. HP: 16/16 MP: 1/1
    22 | D:1      | Reached skill level 6 in Stealth
    85 | D:1      | Reached XP level 2. HP: 15/22 MP: 2/2
   660 | D:2      | Reached XP level 3. HP: 27/27 MP: 3/3
   765 | D:2      | Reached skill level 7 in Stealth
   800 | D:2      | Reached XP level 4. HP: 12/33 MP: 4/4
  1236 | D:3      | Found a hazy altar of Hepliaklqana.
  1296 | D:3      | Found a snail-covered altar of Cheibriados.
  1338 | D:3      | Found a blossoming altar of Fedhas.
  1367 | D:3      | Found a shattered altar of Ashenzari.
  1941 | D:4      | Reached skill level 8 in Stealth
  1941 | D:4      | Reached XP level 5. HP: 16/38 MP: 5/5
  2195 | D:4      | Found a staircase to the Ecumenical Temple.
  2486 | D:4      | Reached skill level 1 in Armour
  2496 | D:4      | HP: 1/38 [gnoll/halberd (2)]
  2497 | D:4      | Slain by a centaur skeleton

Skill      XL: |  1  2  3  4  5 |
---------------+----------------+-----
Stealth        | 6 7 8 |  8.4
Fighting       | 2 |  2.1
Short Blades   | 3 |  3.4
Armour         | 1 |  1.3
Throwing       | |  1.9
Dodging        | |  1.8

Action                   |  1- 3 |  4- 6 || total
-------------------------+-------+-------++-------
Melee: Dagger            |    79 |    91 ||   170
       Bite              |     7 |    10 ||    17
 Fire: Blowgun           |     3 |       ||     3
  Use: Scroll            |       |     6 ||     6
       Potion            |       |     4 ||     4
 Stab: Sleeping          |    10 |     4 ||    14
       Distracted        |       |     2 ||     2
Armor: Robe              |    20 |     3 ||    23
       Leather armour    |       |    10 ||    10
Dodge: Dodged            |    50 |    42 ||    92
